 Dungeon Crawl Stone Soup version 0.26-a0-597-gb535b0901c (webtiles) character file.

Game seed: 9267484651904380304

(classic levelgen) 16323 EnegeticOcto the Cleaver (level 12, -2/111 HPs)
             Began as a Deep Dwarf Fighter on Sept 1, 2020.
             Was a High Priest of Makhleb.
             Slain by an acid dragon (4 damage)
             ... on level 12 of the Dungeon.
             The game lasted 00:05:45 (7462 turns).

EnegeticOcto the Cleaver (Deep Dwarf Fighter)       Turns: 7462, Time: 00:05:45

Health: -2/111     AC: -8    Str: 25    XL:     12   Next: 9%
Magic:  4/4        EV:  6    Int:  9    God:    Makhleb [*****.]
Gold:   488        SH: 12    Dex: 12    Spells: 11/11 levels left

rFire    . . .     SeeInvis .   a - +1 war axe
rCold    + . .     Faith    .   c - +0 kite shield
rNeg     . . .     Spirit   .   j - +0 plate armour
rPois    .         Reflect  .   B - +0 helmet
rElec    .         Harm     .   i - +2 cloak
rCorr    .                      (no gloves)
MR       +....                  (no boots)
Stlth    ..........             (no amulet)
HPRegen  0.00/turn              h - ring of protection from cold
MPRegen  0.09/turn              (no ring)

@: corroded, non-regenerating
A: damage resistance, heal wounds, sense surroundings 2, no regeneration
a: Heal Wounds, Minor Destruction, Lesser Servant of Makhleb, Major Destruction,
Greater Servant of Makhleb, Renounce Religion


You were on level 12 of the Dungeon.
You worshipped Makhleb.
Makhleb was extremely pleased with you.
You visited 2 branches of the dungeon, and saw 13 of its levels.
You also visited: Ossuary.

You collected 598 gold pieces.
You spent 110 gold pieces at shops.

Inventory:

Hand Weapons
 a - a +1 war axe (weapon)
Armour
 c - a +0 kite shield (worn)
 i - a +2 cloak (worn)
 j - a +0 plate armour (worn)
 B - a +0 helmet (worn)
Jewellery
 h - a ring of protection from cold (left hand)
 w - a +6 ring of dexterity {unknown}
Wands
 b - a wand of digging (5) {@v3}
 f - a wand of paralysis (8)
 C - a wand of polymorph (7)
 D - a wand of iceblast (9) {@v2}
 E - a wand of disintegration (13)
Scrolls
 g - 8 scrolls of remove curse {@r2}
 o - 2 scrolls of magic mapping {@r5}
 q - 4 scrolls of immolation {@r4}
 s - 6 scrolls of identify {@r1}
 v - 2 scrolls of enchant weapon
 y - 5 scrolls of teleportation {@r3}
Potions
 d - a potion of might {@q3}
 e - 5 potions of lignification {@q7}
 k - 2 potions of berserk rage
 l - a potion of heal wounds {@q2}
 m - 4 potions of magic
 n - 5 potions of curing {@q1}
 p - 4 potions of stabbing {@q5}
 r - 3 potions of haste {@q4}
 t - 3 potions of flight
 u - 2 potions of invisibility
 A - a potion of mutation


   Skills:
 + Level 8.2 Fighting
 * Level 12.7 Axes
 + Level 9.7 Armour
 + Level 9.7 Shields
 + Level 9.5 Invocations


You had 11 spell levels left.
You didn't know any spells.
Your spell library was empty.

Dungeon Overview and Level Annotations

Branches:
Dungeon (12/15)            Temple (1/1) D:4            Lair (0/6) D:10
    Orc (0/2) D:11        Ossuary (visited)

Altars:
Ashenzari
Cheibriados
Fedhas
Gozag
Makhleb
Nemelex Xobeh
Okawaru
Sif Muna
Trog
The Shining One

Shops:
D:5 !   D:10 ?   D:11 !

Portals:
Trove: D:10 (give +2 gold dragon scales)

Annotations:
D:12 1 transporter


Innate Abilities, Weirdness & Mutations

You are resistant to damage.
You can heal yourself by infusing magical energy.
You passively map the area around you.
You do not regenerate.


Message History

The acid dragon spits acid at you. The splash of acid hits you!
You are splashed with acid!
The acid dragon closely misses you. You block the acid dragon's attack.
Your magical essence is drained by the effort!
You feel much better. The acid dragon bites you. The acid dragon claws you.
The acid dragon spits acid at you. The splash of acid hits you!
You are splashed with acid!
You block the acid dragon's attack. x2
You feel much better. The acid dragon bites you!
You block the acid dragon's attack. The acid dragon bites you.
The acid dragon claws you. The acid dragon bites you!
The acid dragon claws you.
You feel much better. The acid dragon barely misses you.
You block the acid dragon's attack. The acid dragon barely misses you.
The acid dragon claws you. The acid dragon bites you!
You block the acid dragon's attack.
You feel much better. The acid dragon spits acid at you.
You block the splash of acid. The acid dragon spits acid at you.
The splash of acid hits you!
You are splashed with acid!
The acid dragon bites you. The acid dragon claws you.
Your magical essence is drained by the effort!
You feel much better. You block the acid dragon's attack.
The acid dragon claws you. The acid dragon bites you!
The acid dragon claws you. You block the acid dragon's attack.
The acid dragon claws you.
Your magical essence is drained by the effort!
You feel much better. You block the acid dragon's attack.
The acid dragon claws you. The acid dragon bites you.
The acid dragon barely misses you. The acid dragon bites you!
You block the acid dragon's attack.
You slash the acid dragon!
The acid dragon is almost dead.
You hit the acid dragon but do no damage. x2
The acid dragon bites you! You block the acid dragon's attack.
The acid dragon spits acid at you. The splash of acid hits you.
The acid corrodes you!
You are splashed with acid!
You block the acid dragon's attack. The acid dragon claws you.
You barely miss the acid dragon.
The acid dragon is almost dead.
You hit the acid dragon.
You hit the acid dragon but do no damage.
The acid dragon bites you! The acid dragon claws you.
The acid dragon bites you! You block the acid dragon's attack. x3
You completely miss the acid dragon.
The acid dragon is almost dead.
You barely miss the acid dragon. You slash the acid dragon!
You block the acid dragon's attack. x3; The acid dragon barely misses you.
You block the acid dragon's attack. The acid dragon claws you.
You hit the acid dragon but do no damage.
The acid dragon is almost dead.
You hit the acid dragon but do no damage. x2
The acid dragon barely misses you. The acid dragon closely misses you.
The acid dragon spits acid at you. The splash of acid hits you!
The acid corrodes you!
You are splashed with acid!
* * * LOW HITPOINT WARNING * * *
The acid dragon closely misses you. You block the acid dragon's attack.
You are too injured to fight recklessly!
You are too injured to fight recklessly!
You are too injured to fight recklessly!
You are too injured to fight recklessly!
You are too injured to fight recklessly!
You are too injured to fight recklessly!
You are too injured to fight recklessly!
You are too injured to fight recklessly!
You are too injured to fight recklessly!
You are too injured to fight recklessly!
You are too injured to fight recklessly!
You are too injured to fight recklessly!
You are too injured to fight recklessly!
You are too injured to fight recklessly!
You are too injured to fight recklessly!
You are too injured to fight recklessly!
You are too injured to fight recklessly!
You are too injured to fight recklessly!
You are too injured to fight recklessly!
You are too injured to fight recklessly!
You are too injured to fight recklessly!
You are too injured to fight recklessly!
You are too injured to fight recklessly!
You hit the acid dragon but do no damage.
The acid dragon is heavily wounded.
You hit the acid dragon but do no damage. x2
The acid dragon spits acid at you. The splash of acid hits you.
* * * LOW HITPOINT WARNING * * *
You are splashed with acid.
* * * LOW HITPOINT WARNING * * *
The acid dragon bites you!
* * * LOW HITPOINT WARNING * * *
The acid dragon claws you.
* * * LOW HITPOINT WARNING * * *
You block the acid dragon's attack. The acid dragon claws you.
* * * LOW HITPOINT WARNING * * *
You hit the acid dragon but do no damage.
The acid dragon is heavily wounded.
You hit the acid dragon but do no damage. x2
The acid dragon barely misses you. The acid dragon claws you.
You die...

# #.# #.......#... ###.#
#.......#... ..#.### #.......#...
......#* * * #.......#... ..#.#.#
######## #.......#...
..#...#°○○.°#○☼°☼☼○###...........
..#####○.○○☼#○☼○°°○#...##........
......#$$°°○°.#D#°☼#...##........
.(#(.©#©}○☼°○.DD@°○#©..##.......)
..##..#)[°°○○.#D#°°#..#########..
..#####D°○°○#°☼○○○°#### #######>.
......#D○. °#°○○○○°# #...)....
#####.# .○ #############.##....#
#####.##########.....#...........
#....................'..........#
#.###.##########.....#......#...#
#.# #.# #.....#......#...#


You could see 4 acid dragons.

Vanquished Creatures
  A two-headed ogre (D:8)
  An orc knight (D:11)
  Pikel (D:5)
  2 ugly things
  A manticore (D:11)
  Psyche (D:11)
  A gargoyle (D:10)
  6 trolls
  A hornet (D:12)
  2 hippogriffs
  Sigmund (D:5)
  3 wyverns
  21 yaks
  2 wraiths
  An acid dragon (D:12)
  A water moccasin (D:6)
  Duvessa (D:5)
  2 ice beasts
  A hornet zombie (Ossuary)
  5 orc warriors
  2 phantoms
  3 sky beasts
  6 ogres
  3 black bears
  A necrophage (D:11)
  An eye of draining (D:12)
  A big kobold (D:10)
  2 crocodiles (D:12)
  14 bullfrogs
  Dowan (D:5)
  3 scorpions
  A water moccasin skeleton (D:8)
  3 killer bees (D:10)
  5 wights (D:11)
  2 howler monkeys
  3 centaur zombies
  5 bullfrog skeletons
  A bullfrog zombie (Ossuary)
  A centaur skeleton (D:4)
  5 orc priests
  8 orc wizards
  9 hounds
  5 jellies
  5 iguanas
  Ijyb (D:4)
  8 worker ants
  3 hound zombies
  A hound skeleton (D:4)
  10 mummies (Ossuary)
  A worker ant zombie (D:10)
  A howler monkey zombie (D:7)
  3 gnolls (D:10)
  11 adders
  A shadow imp (D:7)
  6 white imps
  3 ufetubi
  3 oozes
  3 adder zombies
  2 adder skeletons
  2 worms
  4 leopard geckos
  27 orcs
  4 giant cockroaches
  A goblin (D:1)
  A hobgoblin (D:1)
  6 kobolds
  3 quokkas
  2 bats
  A frilled lizard (D:4)
  A jackal zombie (D:8)
  2 leopard gecko zombies (Ossuary)
  A quokka skeleton (D:5)
  A quokka zombie (D:7)
  2 rats
260 creatures vanquished.

Vanquished Creatures (collateral kills)
  A hydra (D:12)
  A gargoyle (D:12)
  A hippogriff (D:12)
  An orc warrior (D:12)
  An orc wizard (D:12)
5 creatures vanquished.

Vanquished Creatures (others)
  5 withered plants (Ossuary)
5 creatures vanquished.

Grand Total: 270 creatures vanquished

Notes
Turn   | Place    | Note
-------+----------+-------------------------------------------
     0 | D:1      | EnegeticOcto the Deep Dwarf Fighter began the quest for the
                  | Orb.
     0 | D:1      | Reached XP level 1. HP: 20/20 MP: 1/1
    69 | D:1      | Reached XP level 2. HP: 25/27 MP: 2/2
   375 | D:3      | Reached skill level 3 in Axes
   375 | D:3      | Reached XP level 3. HP: 15/34 MP: 3/3
   387 | D:3      | Reached XP level 4. HP: 18/42 MP: 3/3
   468 | D:4      | Noticed a phantom
   490 | D:4      | Found a sand-covered staircase.
   494 | Ossuary  | Entered an ossuary
   572 | Ossuary  | Reached skill level 4 in Axes
   572 | Ossuary  | Reached XP level 5. HP: 28/49 MP: 4/4
   611 | Ossuary  | Reached XP level 6. HP: 56/56 MP: 4/4
   644 | Ossuary  | Reached skill level 5 in Axes
   768 | D:4      | Reached skill level 5 in Armour
   768 | D:4      | Reached skill level 5 in Shields
   768 | D:4      | Reached XP level 7. HP: 39/64 MP: 5/5
   784 | D:4      | Noticed Ijyb
   799 | D:4      | Killed Ijyb
   876 | D:4      | Found a blossoming altar of Fedhas.
   888 | D:4      | Found a staircase to the Ecumenical Temple.
   894 | D:4      | Reached skill level 6 in Axes
   909 | Temple   | Entered the Ecumenical Temple
  1002 | Temple   | Became a worshipper of Makhleb the Destroyer
  1571 | D:4      | Reached skill level 1 in Invocations
  1599 | D:5      | Entered Level 5 of the Dungeon
  1736 | D:5      | Noticed Duvessa
  1745 | D:5      | Killed Duvessa
  1745 | D:5      | Reached XP level 8. HP: 45/73 MP: 7/7
  1747 | D:5      | Noticed Dowan
  1765 | D:5      | Killed Dowan
  1952 | D:5      | Found an opulent altar of Gozag.
  1953 | D:5      | Noticed Pikel
  1970 | D:5      | Killed Pikel
  1970 | D:5      | Reached skill level 5 in Fighting
  1970 | D:5      | Reached skill level 7 in Axes
  2181 | D:5      | Noticed Sigmund
  2190 | D:5      | Killed Sigmund
  2196 | D:5      | Found Beschivo's Distillery.
  2199 | D:5      | Bought a potion of haste for 110 gold pieces
  2566 | D:6      | Reached skill level 8 in Axes
  2636 | D:6      | Found a blossoming altar of Fedhas.
  2714 | D:6      | Found a snail-covered altar of Cheibriados.
  2720 | D:6      | Gained mutation: You passively map the area around you.
                  | [Deep Dwarf growth]
  2720 | D:6      | Reached XP level 9. HP: 54/81 MP: 9/9
  2731 | D:6      | Reached * piety under Makhleb
  3681 | D:8      | Reached skill level 5 in Invocations
  3685 | D:8      | Reached skill level 9 in Axes
  3943 | D:8      | Reached ** piety under Makhleb
  4135 | D:8      | Noticed a two-headed ogre
  4152 | D:8      | Killed a two-headed ogre
  4152 | D:8      | Reached XP level 10. HP: 59/91 MP: 10/10
  4522 | D:9      | Reached skill level 10 in Axes
  4996 | D:9      | Found an opulent altar of Gozag.
  5103 | D:10     | Entered Level 10 of the Dungeon
  5118 | D:10     | Found Ysammesu's Magic Scroll Shop.
  5231 | D:10     | Found a portal to a secret trove of treasure.
  5306 | D:10     | Reached *** piety under Makhleb
  5417 | D:10     | Reached skill level 11 in Axes
  5449 | D:10     | Noticed a gargoyle
  5454 | D:10     | Killed a gargoyle
  5454 | D:10     | Reached XP level 11. HP: 61/100 MP: 11/11
  5556 | D:10     | Found a staircase to the Lair.
  5856 | D:11     | Found Yrixutih's Distillery.
  5981 | D:11     | Noticed an orc knight
  6014 | D:11     | Killed an orc knight
  6146 | D:11     | Reached **** piety under Makhleb
  6159 | D:11     | Noticed a purple ugly thing
  6182 | D:11     | Killed a purple ugly thing
  6399 | D:11     | Noticed Psyche
  6420 | D:11     | Killed Psyche
  6420 | D:11     | Reached skill level 12 in Axes
  6504 | D:11     | Found a staircase to the Orcish Mines.
  6656 | D:12     | Noticed a four-headed hydra
  6681 | D:12     | Killed a 14-headed hydra
  6813 | D:12     | Noticed a cyan ugly thing
  6824 | D:12     | Killed a white ugly thing
  6917 | D:12     | Found a transporter.
  7023 | D:12     | Reached XP level 12. HP: 96/110 MP: 12/12
  7043 | D:12     | Reached ***** piety under Makhleb
  7242 | D:12     | Found a transporter.
  7461 | D:12     | HP: 4/111 [acid dragon (5)]
  7462 | D:12     | Slain by an acid dragon

Illustrated notes

Levels and vault maps discovered:
D:1:      lightli_arrival_maybe_door_vault, layout_basic, minmay_close_crescents
D:2:      layout_loops_corners, lemuel_doored_altar, serial_glass,
          glass_columns_a, glass_columns_b, minmay_tetromino_i2
D:3:      layout_loops_cross
D:4:      layout_cave_pods, minmay_temple_entry_ruins, enter_ossuary_5,
          fedhas_altar_3, uniq_ijyb
D:5:      layout_basic, basic_altar, serial_shops, kennysheep_mini, uniq_pikel,
          uniq_duvessa, uniq_sigmund
D:6:      layout_loops_ring, cheibriados_altar_1, overflow_temple_1_default
D:7:      layout_rooms
D:8:      layout_gridville, minmay_alternating_orb
D:9:      layout_irregular_city, kennysheep_mini_moat
D:10:     layout_irregular_city, lair_entry_dummy, nicolae_trove_entry_diagonal,
          serial_shops, shop, grunt_decor_resistance
D:11:     layout_basic, orc_0_dummy, serial_shops, shop_fountains, uniq_psyche
D:12:     gammafunk_cloud_chamber, layout_basic, chequers_arboretum
Temple:   dpeg_five_rooms_temple

Skill      XL: |  1  2  3  4  5  6  7  8  9 10 11 |
---------------+----------------------------------+-----
Fighting       | 3 4 5 6 7 8 |  8.2
Axes           | 3 4 5 6 8 9 11 12 | 12.7
Armour         | 4 5 6 7 8 9 |  9.7
Shields        | 4 5 6 7 8 9 |  9.7
Invocations    | 1 4 6 7 9 |  9.5

Action                   |  1- 3 |  4- 6 |  7- 9 | 10-12 || total
-------------------------+-------+-------+-------+-------++-------
Melee: War axe           |    40 |   131 |   360 |   669 ||  1200
       Unarmed           |       |       |     2 |       ||     2
Invok: Lesser Servant of |       |       |       |     1 ||     1
 Abil: Heal Wounds       |     2 |     7 |     8 |    31 ||    48
Evoke: Wand              |       |       |       |     2 ||     2
  Use: Scroll            |       |       |    10 |    13 ||    23
 Stab: Distracted        |       |       |       |     1 ||     1
Armor: Scale mail        |    17 |    48 |    68 |       ||   133
       Plate armour      |       |       |    91 |   557 ||   648
       Skin              |       |       |     1 |       ||     1
Dodge: Dodged            |     9 |    40 |    93 |   216 ||   358
Block: Kite shield       |    15 |    54 |   214 |   556 ||   839

Table legend: (Time is in decaauts)
 A = Elapsed time spent in this place.
 B = Non-inter-level travel time spent in this place.
 C = Inter-level travel time spent in this place.
 D = Time resting spent in this place.
 E = Time spent auto-exploring this place.
 F = Levels seen in this place.
 G = Mean time per level.
                   A        B        C        D        E       F      G
               +--------+--------+--------+--------+--------+-----+--------+
         Total |   7588 |   7293 |    295 |     48 |   5118 |  14 |  542.0 |
       Dungeon |   7162 |   6929 |    233 |     48 |   5044 |  12 |  596.8 |
        Temple |    128 |     66 |     62 |      0 |     64 |   1 |  128.0 |
       Ossuary |    297 |    297 |      0 |      0 |     10 |   1 |  297.0 |
               +--------+--------+--------+--------+--------+-----+--------+

Top non-repeatable levels by time:
     D:5: 894 daAuts
    D:12: 841 daAuts
     D:4: 840 daAuts
     D:8: 837 daAuts
    D:10: 752 daAuts
    D:11: 747 daAuts
     D:9: 703 daAuts
     D:6: 632 daAuts
     D:7: 479 daAuts
 Ossuary: 297 daAuts
     D:2: 202 daAuts
     D:3: 156 daAuts
  Temple: 128 daAuts
     D:1: 75 daAuts
